 Dungeon Crawl Stone Soup version 0.26.1-2-gb8aa6d0cf2 (webtiles) character file.

Game seed: 2509185990489404968

809 DwarfAlpaca the Chopper (level 7, -1/84 HPs)
             Began as a Barachi Fighter on Mar 30, 2021.
             Was an Initiate of Cheibriados.
             Slain by a sky beast (5 damage)
             ... on level 5 of the Dungeon.
             The game lasted 00:14:29 (5517 turns).

DwarfAlpaca the Chopper (Barachi Fighter)           Turns: 5517, Time: 00:14:30

Health: -1/84      AC: 23    Str: 20    XL:     7   Next: 92%
Magic:  0/7        EV:  2    Int: 10    God:    Cheibriados [......]
Gold:   345        SH: 10    Dex: 12    Spells: 6/6 levels left

rFire    . . .     SeeInvis .   a - +0 war axe
rCold    . . .     Faith    .   c - +0 kite shield
rNeg     + + +     Spirit   +   (armour currently unavailable)
rPois    +         Reflect  .   (helmet currently unavailable)
rElec    .         Harm     .   (cloak currently unavailable)
rCorr    .         Rampage  .   (gloves currently unavailable)
Will     .....     NoTele   +   (boots currently unavailable)
Stlth    +.........             f - amulet of guardian spirit
HPRegen  0.24/turn              u - -4 ring of evasion (curse)
MPRegen  0.10/turn              (no ring)

@: mighty, tree-form, can't hop, very slow
A: +LOS, swims
a: Renounce Religion, Bend Time


You were on level 5 of the Dungeon.
You worshipped Cheibriados.
Cheibriados was noncommittal.
You were a tree.
You visited 2 branches of the dungeon, and saw 7 of its levels.

You collected 345 gold pieces.

Inventory:

Hand Weapons
 a - a +0 war axe (weapon)
Armour
 b - a +0 scale mail (melded)
 c - a +0 kite shield (worn)
 l - a +0 cloak (melded)
 s - a +0 helmet (melded)
Jewellery
 f - an amulet of guardian spirit (around neck)
 u - a cursed -4 ring of evasion (left branch)
Wands
 w - a wand of paralysis (10)
Scrolls
 e - 8 scrolls of identify {unknown}
 j - 4 scrolls of enchant weapon {unknown}
 k - 2 scrolls of magic mapping {unknown}
 m - a scroll of amnesia {unknown}
 n - 3 scrolls of remove curse {unknown}
 o - a scroll of blinking {unknown}
 p - 3 scrolls of teleportation {unknown}
Potions
 g - 2 potions of lignification
 h - a potion of flight {unknown}
 i - 3 potions of curing {unknown}
 q - a potion of haste {unknown}
 r - a potion of brilliance {unknown}
 t - a potion of degeneration {unknown}
 v - a potion of heal wounds {unknown}
 x - 2 potions of attraction {unknown}


   Skills:
 + Level 5.0 Fighting
 + Level 6.2 Axes
 + Level 5.9 Armour
 - Level 2.0 Dodging
 - Level 0.1 Stealth
 + Level 5.3 Shields


You had 6 spell levels left.
You didn't know any spells.
Your spell library contained the following spells:

 Spells                   Type           Power        Failure   Level
 Beastly Appendage        Tmut           0%           78%         1
 Wereblood                Tmut           0%           89%         2
 Spider Form              Tmut/Pois      0%           98%         3
 Ice Form                 Ice/Tmut       0%           100%        4
 Blade Hands              Tmut           0%           100%        5


Dungeon Overview and Level Annotations

Branches:
Dungeon (6/15)             Temple (1/1) D:5

Altars:
Cheibriados
Dithmenos
Elyvilon
Fedhas
Gozag
Hepliaklqana
Makhleb
Nemelex Xobeh
Qazlal
Sif Muna
Trog
Uskayaw
Vehumet
Wu Jian
Xom
Yredelemnul
Zin

Shops:
D:4 =

Annotations:
D:2 Sigmund


Innate Abilities, Weirdness & Mutations

You can be seen from farther away. (+LOS)
You can swim through water.
((You cover ground slowly.))
((You can hop short distances.))


Message History

You closely miss the sky beast.
The sky beast hits you but does no damage.
You slash the sky beast!
The sky beast is heavily wounded.
The sky beast hits you.
* * * LOW HITPOINT WARNING * * *
The sky beast shocks you.
* * * LOW HITPOINT WARNING * * *
You slash the sky beast!
The sky beast is almost dead.
The sky beast hits you but does no damage. x2
You closely miss the sky beast.
The sky beast is almost dead.
The sky beast completely misses you.
You barely miss the sky beast.
The sky beast is almost dead.
The sky beast hits you.
* * * LOW HITPOINT WARNING * * *
The sky beast shocks you.
You die...

##................# #.
#..........##[...### .. ..
#.#.......#####....# #. .
.#.#........#.##...## #.
.....##...........#### #.##
#..# #..#..#.##...####
+..###.####.##..####.####.#
+...#...##..(..#####......# ###
+..#.....)..##Y♣#.##(.....# ..#
#....#...(##.....<.)(..)(.# .(#
#....#.............)...(#.# ..#
##..#(#.###.#............#g##)#
#..(#....#.........#....##.†).#
...................#..#########
....#......##.###.....#
..(###......#.#.#.....### ..(#
.............#...#.##


You could see a sky beast.

Vanquished Creatures
  2 phantoms (D:5)
  2 ogres (D:5)
  A centaur (D:5)
  A howler monkey (D:2)
  A bullfrog zombie (D:5)
  A hound (D:4)
  2 bullfrog skeletons
  3 worker ants (D:4)
  3 gnolls (D:2)
  7 adders
  An adder skeleton (D:4)
  2 worms
  A dart slug (D:1)
  2 leopard geckos
  2 orcs
  A ball python (D:4)
  5 giant cockroaches
  14 goblins
  6 hobgoblins (D:2)
  2 jackals (D:3)
  2 quokkas
  6 bats
  4 frilled lizards
  7 kobolds
  7 rats
85 creatures vanquished.

Vanquished Creatures (others)
  8 toadstools (D:5)
8 creatures vanquished.

Grand Total: 93 creatures vanquished

Notes
Turn   | Place    | Note
-------+----------+-------------------------------------------
     0 | D:1      | DwarfAlpaca the Barachi Fighter began the quest for the
                  | Orb.
     0 | D:1      | Reached XP level 1. HP: 18/18 MP: 1/1
   293 | D:1      | Reached XP level 2. HP: 25/25 MP: 2/2
   882 | D:2      | Reached XP level 3. HP: 29/30 MP: 3/3
   884 | D:2      | Reached skill level 3 in Axes
   904 | D:2      | Reached XP level 4. HP: 25/37 MP: 4/4
  1094 | D:2      | Found a hazy altar of Hepliaklqana.
  1096 | D:2      | Found a glowing silver altar of Zin.
  1097 | D:2      | Found a bloodstained altar of Trog.
  1108 | D:2      | Noticed Sigmund
  1252 | D:2      | Reached skill level 1 in Dodging
  1257 | D:2      | Reached XP level 5. HP: 36/42 MP: 3/5
  1892 | D:3      | Reached skill level 4 in Axes
  2186 | D:3      | Found a faded altar of an unknown god.
  2971 | D:4      | You fall into a shaft and drop 1 floor!
  2971 | D:5      | Entered Level 5 of the Dungeon
  2971 | D:5      | Found a staircase to the Ecumenical Temple.
  2971 | D:5      | Noticed a centaur
  2972 | D:5      | Noticed a phantom
  2979 | D:5      | Noticed a sky beast
  3219 | D:4      | Found Ucket's Jewellery Boutique.
  3344 | D:4      | Reached XP level 6. HP: 34/48 MP: 4/6
  4300 | D:4      | Reached skill level 5 in Axes
  4459 | Temple   | Entered the Ecumenical Temple
  4537 | Temple   | Became a worshipper of Cheibriados the Contemplative
  4756 | D:5      | Reached skill level 5 in Armour
  4756 | D:5      | Reached skill level 5 in Shields
  4756 | D:5      | Reached XP level 7. HP: 15/55 MP: 3/7
  5397 | D:5      | Reached skill level 6 in Axes
  5507 | D:5      | Reached skill level 5 in Fighting
  5514 | D:5      | HP: 4/84 [sky beast (4)]
  5517 | D:5      | Slain by a sky beast

Illustrated notes

Levels and vault maps discovered:
D:1:      onia_arrival_mini_maze_b, layout_loops_ring, minmay_splitting_lines
D:2:      layout_rooms, chequers_temple_overflow_statue_of_worship, uniq_sigmund
D:3:      layout_basic, chequers_ecumenical_altar_simple
D:4:      cheibrodos_quashed, layout_basic, serial_shops, shop, nrook_uturn,
          minivault_27
D:5:      cheibrodos_fertilizer, layout_cave_pools, lemuel_round_altar,
          temple_pool_b, minmay_strange_pillars, grunt_decor_one_mirror,
          minmay_ogre_servants
D:6:      layout_basic, grunt_temple_overflow_open,
          hangedman_abyss_or_decor_passed
Temple:   jpeg_temple_clearing

Skill      XL: |  1  2  3  4  5  6  7 |
---------------+----------------------+-----
Axes           | 3 4 5 6 |  6.2
Armour         | 4 5 |  5.9
Shields        | 4 5 |  5.3
Fighting       | 4 5 |  5.0
Dodging        | 1 2 |  2.0
Stealth        | |  0.1

Action                   |  1- 3 |  4- 6 |  7- 9 || total
-------------------------+-------+-------+-------++-------
Melee: War axe           |    65 |   199 |    66 ||   330
 Abil: Hop               |       |     1 |     2 ||     3
  Use: Potion            |       |       |     3 ||     3
Armor: Scale mail        |    41 |    94 |    25 ||   160
       Skin              |       |       |     9 ||     9
Dodge: Dodged            |    28 |    42 |     6 ||    76
Block: Kite shield       |    53 |    97 |    24 ||   174
